AoeStats
← cartofel22

Black Forest

509933529Analyzed
3v3 RM · 2d ago on Sep 28, 2026· 69m 23s· 6 players
Game mode
Random Map
Map size
Normal (6 player)
Population
200
Speed
Normal
Resources
Standard
Victory
Conquest
Starting age
Dark Age
Ending age
Imperial Age
RankedLock teamsTeams togetherTeam positionsShared explorationLock speedFull tech treeHidden civsTurbo modeCheats
Victory
Defeat
🇬🇷 Celts · Greece
611
+13
🇫🇷 Franks · France
576
+14
🇵🇱 Teutons · Poland
524
+17
🇩🇪 Italians · Germany
628
-18
🇳🇱 Byzantines · Netherlands
541
-15
🇶🇦 Romans · Qatar
458
-11
ToNi0
1:16 Loom
12:28 Feudal Age
21:49 Castle Age
20:40 Stone Mining
20:39 Double-Bit Axe
34:14 Imperial Age
33:25 Fortified Wall
33:36 Caravan
34:03 Gold Mining
35:02 Ballistics
35:25 Gold Shaft Mining
36:34 Chemistry
36:14 Wheelbarrow
35:30 Town Watch
37:01 Man-at-Arms
38:14 Bow Saw
38:49 Gambesons
38:25 Long Swordsman
39:29 Conscription
40:21 Two-Handed Swordsman
40:29 Heavy Scorpion
42:00 Siege Engineers
42:32 Hand Cart
43:02 Pikeman
49:06 Forging
48:57 Scale Mail Armor
49:03 Scale Barding Armor
48:58 Padded Archer Armor
48:49 Fletching
50:50 Squires
50:35 Arson
53:21 Town Patrol
53:53 Conscription
54:08 Hoardings
54:37 Iron Casting
54:17 Chain Mail Armor
54:23 Chain Barding Armor
54:19 Leather Archer Armor
53:59 Bodkin Arrow
56:30 Masonry
56:01 Treadmill Crane
56:16 Murder Holes
56:07 Arrowslits
56:13 Guard Tower
56:36 Elite Throwing Axeman
57:50 Plate Mail Armor
56:54 Elite Skirmisher
59:47 Crossbowman
59:48 Cranequins
59:49 Heavy Mounted Crossbowman
59:52 Capped Ram
61:36 Blast Furnace
61:13 Plate Barding Armor
60:05 Halberdier
61:18 Architecture
61:58 Onager
62:02 Champion
62:58 Fervor
63:10 Sanctity
62:50 Devotion
63:16 Illumination
63:07 Block Printing
62:48 Herbal Medicine
66:56 Coinage
66:45 Careening
66:46 Clinker Construction
NaVaRxOs
1:25 Loom
16:36 Feudal Age
17:55 Wheelbarrow
17:30 Double-Bit Axe
18:17 Horse Collar
21:10 Stone Mining
21:23 Gold Mining
25:14 Forging
24:54 Fletching
25:05 Padded Archer Armor
25:06 Scale Mail Armor
25:12 Scale Barding Armor
29:00 Castle Age
26:48 Town Watch
29:07 Castle Age
32:07 Bow Saw
32:18 Heavy Plow
33:12 Hand Cart
34:59 Caravan
38:06 Imperial Age
36:42 Stone Shaft Mining
36:51 Gold Shaft Mining
39:02 Stronghold
39:05 Onager
39:08 Capped Ram
40:18 Pikeman
40:45 Gambesons
40:23 Man-at-Arms
40:54 Arson
41:38 Conscription
42:20 Siege Ram
42:36 Halberdier
42:38 Long Swordsman
43:27 Husbandry
45:38 Iron Casting
44:59 Bodkin Arrow
45:20 Chain Mail Armor
45:22 Leather Archer Armor
45:44 Chain Barding Armor
46:54 Chemistry
46:15 Ballistics
46:07 Fortified Wall
46:09 Masonry
46:09 Cavalier
46:11 Light Cavalry
47:06 Two-Handed Swordsman
49:22 Blast Furnace
49:02 Plate Mail Armor
50:35 Paladin
53:38 Champion
61:57 Ring Archer Armor
61:41 Furor Celtica
64:15 Siege Onager
66:34 Elite Woad Raider
cartofel22
0:27 Loom
2:50 Loom
11:41 Feudal Age
20:51 Castle Age
18:40 Horse Collar
19:26 Gold Mining
20:13 Stone Mining
20:15 Double-Bit Axe
21:34 Heavy Plow
21:50 Bow Saw
24:16 Caravan
24:48 Coinage
32:24 Imperial Age
30:22 Ballistics
31:32 Forging
31:12 Fletching
32:47 Wheelbarrow
31:58 Town Watch
33:42 Ironclad
34:28 Chemistry
34:16 Crenellations
34:09 Squires
33:36 Elite Skirmisher
35:06 Banking
37:42 Hand Cart
37:30 Town Patrol
38:36 Two-Man Saw
38:10 Crop Rotation
38:32 Guilds
39:52 Fortified Wall
39:29 Arrowslits
39:43 Bodkin Arrow
40:24 Iron Casting
39:49 Scale Mail Armor
41:05 Padded Archer Armor
41:45 Onager
43:55 Blast Furnace
43:10 Chain Mail Armor
43:41 Conscription
45:13 Siege Onager
47:36 Plate Mail Armor
47:22 Leather Archer Armor
48:43 Elite Teutonic Knight
49:59 Hoardings
49:38 Scale Barding Armor
50:34 Sappers
51:32 Cavalier
52:23 Bloodlines
54:30 Heavy Scorpion
56:02 Pikeman
58:03 Stone Shaft Mining
58:03 Chain Barding Armor
58:14 Ring Archer Armor
58:05 Halberdier
65:54 Spies/Treason
65:58 Paladin
oemerayan
0:33 Loom
11:16 Feudal Age
16:18 Horse Collar
18:41 Castle Age
20:39 Heavy Plow
24:29 Double-Bit Axe
31:39 Imperial Age
29:45 Squires
29:06 Pikeman
30:06 Padded Archer Armor
29:57 Fletching
31:35 Leather Archer Armor
31:16 Bodkin Arrow
32:18 Wheelbarrow
31:29 Town Watch
32:00 Bow Saw
32:52 Conscription
33:15 Hand Cart
33:50 Ring Archer Armor
33:52 Bracer
36:10 Chemistry
35:23 Fortified Wall
35:10 Murder Holes
36:08 Gold Mining
36:43 Forging
36:40 Scale Barding Armor
36:35 Scale Mail Armor
39:20 Chain Barding Armor
39:35 Iron Casting
39:17 Chain Mail Armor
42:00 Husbandry
42:11 Bloodlines
41:22 Light Cavalry
45:53 Hussar
49:39 Plate Barding Armor
50:05 Blast Furnace
49:35 Plate Mail Armor
50:33 Thumb Ring
53:31 Thumb Ring
52:47 Elite Skirmisher
harrold sweigermeister
13:25 Feudal Age
15:21 Horse Collar
15:32 Double-Bit Axe
18:13 Wheelbarrow
19:51 Padded Archer Armor
19:42 Fletching
20:08 Scale Mail Armor
20:15 Scale Barding Armor
26:14 Castle Age
24:29 Man-at-Arms
27:35 Hand Cart
27:08 Long Swordsman
27:09 Pikeman
28:02 Thumb Ring
29:15 Bow Saw
29:10 Heavy Plow
29:34 Gambesons
30:12 Forging
34:50 Ballistics
34:27 Stone Mining
37:34 Imperial Age
34:53 Elite Skirmisher
34:54 Crossbowman
35:58 Light Cavalry
37:41 Treadmill Crane
39:48 Chemistry
40:10 Gold Mining
40:56 Stone Shaft Mining
39:51 Arbalester
40:43 Husbandry
41:52 Elite Varangian Guard
43:54 Halberdier
44:41 Squires
46:54 Crop Rotation
47:30 Two-Man Saw
47:25 Elite Cataphract
50:40 Logistica
51:59 Logistica
52:15 Hussar
56:59 Cavalier
60:51 Cavalier
TheDon
0:30 Loom
15:23 Feudal Age
17:53 Wheelbarrow
17:07 Double-Bit Axe
17:08 Horse Collar
19:00 Stone Mining
21:23 Castle Age
22:24 Castle Age
20:18 Gold Mining
24:02 Hand Cart
24:03 Bow Saw
23:56 Heavy Plow
32:18 Fletching
36:13 Imperial Age
35:30 Town Watch
36:17 Ballistas
36:46 Fortified Wall
36:49 Masonry
37:02 Ballistics
37:46 Conscription
38:32 Crop Rotation
41:53 Chemistry
40:59 Siege Engineers
41:26 Architecture
41:10 Heavy Scorpion
43:56 Comitatenses
43:50 Murder Holes
44:00 Town Patrol
45:10 Pikeman
45:11 Man-at-Arms
45:56 Squires
46:58 Halberdier
46:59 Long Swordsman
47:42 Bodkin Arrow
47:58 Forging
47:49 Scale Mail Armor
47:50 Padded Archer Armor
51:07 Elite Skirmisher
52:41 Iron Casting
52:22 Chain Mail Armor
52:23 Leather Archer Armor
55:28 Blast Furnace
58:09 Ring Archer Armor
57:10 Onager
Connection lost

Rejoining the realm…

Still unreachable

The connection could not be restored.

Session expired

The server has moved on; the page needs a fresh start.